Description

ESL SC2 Masters Spring is the penultimate event of the 23/24 season of ESL StarCraft II Pro Tour: new up & coming players joining the glorious StarCraft champions are ready to compete for a $100,000 prize pool and four direct slots in the record-breaking StarCraft II Championship at the Esports World Cup with $1,000,000 prize pool. The tournament is played across three days, from May 31st to June 2nd, at DreamHack Dallas.

VOD

https://www.youtube.com/watch?v=1SXthxDUODM&t=2261s

Replay - Maru v Serral: Game 1 - [ESL] Post-Youth

Build Order

Get SALT Encoding   

  12  0:00  Drone  
  13  0:08  Drone  
  13  0:13  Extractor  
  13  0:14  Drone  
  15  0:37  Hatchery  
  15  0:42  Extractor, Drone  
  14  0:48  Overlord  
  15  1:04  Spawning Pool  
  15  1:07  Drone x2  
  16  1:15  Drone x2  
  18  1:29  Drone  
  19  1:39  Drone  
  20  1:50  Queen x2  
  20  1:51  Zergling x2  
  26  2:00  Overlord  
  27  2:15  Hatchery  
  27  2:26  Spore Crawler  
  27  2:28  Queen x2, Extractor  
  31  2:37  Overlord  
  31  2:42  Spore Crawler  
  36  3:06  Evolution Chamber  
  39  3:17  Overlord  
  39  3:24  Extractor  
  40  3:30  Queen  
  56  3:59  Extractor  
  56  4:09  Roach Warren  
  57  4:12  Zergling x2  
  57  4:14  Overlord  
  58  4:30  Lair  
  58  4:32  Queen  
  69  4:44  Extractor  
  68  4:49  Roach x5  
  82  4:56  Extractor  
  82  4:59  Hatchery  
  80  5:06  Spore Crawler  
  88  5:17  Evolution Chamber x2  
  86  5:29  Glial Reconstitution  
  86  5:30  Extractor, Overseer  
  86  5:32  Roach x2  
  89  5:38  Roach x3  
  103  5:52  Zerg Melee Weapons Level 1  
  107  5:57  Extractor, Zerg Ground Armor Level 1  
  107  6:00  Queen  
  114  6:11  Infestation Pit  
  116  6:32  Baneling Nest  
  118  6:41  Metabolic Boost  
  118  6:46  Extractor  
  125  6:49  Hive  
  123  6:55  Zergling x12  
  123  6:58  Ravager x3  
  130  7:09  Zergling x4  
  143  7:18  Centrifugal Hooks  
  143  7:19  Baneling x10  
  149  7:41  Hatchery, Ravager  
  153  7:48  Zerg Melee Weapons Level 2  
  165  7:52  Zerg Ground Armor Level 2  
  164  8:01  Adrenal Glands  
  164  8:03  Viper x2  
  170  8:25  Hatchery  
  173  8:38  Burrow  
  194  9:01  Ultralisk Cavern  
  198  9:36  Hatchery  
  199  9:48  Chitinous Plating  
  199  9:52  Overseer  
  199  9:57  Pneumatized Carapace  
Spawning Tool Build Advisor. Get it on Overwolf

Go to:

Details

  • Created by: lkojr89
  • Published on: Jun 21, 2024
  • Modified on: Jun 21, 2024
  • Patch: 5.0.11
  • Difficulty: Hard
Show
View Real Time Build Order
Export as new Build Order

Comments (0)

There are no comments. Be the first!

Create an account to comment!